 Dungeon Crawl Stone Soup version 0.27.1-2-g3b301248ec (webtiles) character file.

Game seed: 1882967745527156137

251 Rickety the Stinger (level 6, 0/44 HPs)
             Began as a Gnoll Venom Mage on Sept 23, 2021.
             Slain by an orc (3 damage)
             ... on level 4 of the Dungeon.
             The game lasted 00:10:11 (3615 turns).

Rickety the Stinger (Gnoll Venom Mage)              Turns: 3615, Time: 00:10:13

Health: 0/44       AC:  1    Str:  7    XL:     6   Next: 13%
Magic:  1/13       EV: 13    Int: 17    God:
Gold:   133        SH:  0    Dex: 12    Spells: 9/15 levels left

rFire    . . .     SeeInvis .   b - +2 mace (drain)
rCold    . . .     Faith    .   (no shield)
rNeg     . . .     Spirit   .   p - +0 robe
rPois    .         Reflect  .   (no helmet)
rElec    .         Harm     .   (no cloak)
rCorr    .         Rampage  .   (no gloves)
Will     +....                  (no boots)
Stlth    +++.......             (no amulet)
HPRegen  0.14/turn              (no ring)
MPRegen  0.13/turn              (no ring)

@: unable to read
A: fangs 1, strong nose, distributed training, deformed body, strong-willed 1,
inability to read while threatened
a: no special abilities


You were on level 4 of the Dungeon.
You visited 1 branch of the dungeon, and saw 4 of its levels.

You collected 133 gold pieces.

Inventory:

Hand Weapons
 a - a +0 dagger
 b - a +2 mace of draining (weapon)
 g - a +0 falchion
Armour
 d - a +0 cloak
 k - a +0 chain mail of fire resistance
 n - a +0 buckler
 p - a +0 robe (worn)
Scrolls
 c - 2 scrolls of identify {unknown}
 e - a scroll of magic mapping {unknown}
 h - a scroll of summoning {unknown}
 i - a scroll of immolation {unknown}
 j - a scroll of teleportation {unknown}
 m - a scroll of blinking {unknown}
Potions
 l - a potion of might {unknown}
 o - a potion of resistance {unknown}


   Skills:
 + Level 1.8 Fighting
 + Level 1.8 Short Blades
 + Level 1.8 Long Blades
 + Level 1.8 Axes
 + Level 1.8 Maces & Flails
 + Level 1.8 Polearms
 + Level 1.8 Staves
 + Level 1.8 Slings
 + Level 1.8 Bows
 + Level 1.8 Crossbows
 + Level 1.8 Throwing
 + Level 1.8 Armour
 + Level 4.9 Dodging
 + Level 4.5 Stealth
 + Level 1.8 Shields
 + Level 1.8 Unarmed Combat
 + Level 5.3 Spellcasting
 + Level 1.4 Conjurations
 + Level 1.4 Hexes
 + Level 1.4 Summonings
 + Level 1.4 Necromancy
 + Level 1.4 Translocations
 + Level 2.5 Transmutations
 + Level 1.4 Fire Magic
 + Level 1.4 Ice Magic
 + Level 1.4 Air Magic
 + Level 1.4 Earth Magic
 + Level 5.6 Poison Magic
 + Level 2.0 Invocations
 + Level 1.8 Evocations


You had 9 spell levels left.
You knew the following spells:

 Your Spells              Type           Power      Damage    Failure   Level
a - Sting                 Tmut/Pois      72%        1d6       2%          1
m - Mephitic Cloud        Conj/Pois/Air  14%        N/A       13%         3
v - Poisonous Vapours     Pois/Air       32%        N/A       4%          2

Your spell library contained the following spells:

 Spells                   Type           Power      Damage    Failure   Level
 Animate Skeleton         Necr           18%        N/A       8%          1
 Apportation              Tloc           18%        N/A       8%          1
 Corona                   Hex            10%        N/A       8%          1
 Summon Small Mammal      Summ           36%        N/A       8%          1
 Olgreb's Toxic Radiance  Pois           23%        N/A       14%         4


Dungeon Overview and Level Annotations

Branches:
Dungeon (4/15)
 Temple: D:4-7

Altars:
Fedhas
Qazlal


Innate Abilities, Weirdness & Mutations

You have very sharp teeth.
Your uncanny sense of smell can sniff out nearby items.
Your experience applies equally to all skills.
Armour fits poorly on your strangely shaped body.
You are strong-willed. (Will+)
You sometimes lose the ability to read scrolls when taking damage.


Message History

Your Invocations skill increases to level 2!
You have reached level 6!
Your experience leads to an increase in your attributes!
Increase (S)trength, (I)ntelligence, or (D)exterity?
You feel clever.
Casting: Mephitic Cloud (dangerous; 13% risk of failure)
Confirm with . or Enter, or press ? or * to list all spells.
Aiming: Sting (safe; 2% risk of failure)
Press: ? - help, Shift-Dir - straight line Something hits you.
You miss something. Your bite misses something. The orc closely misses you.
Something barely misses you. The orc closely misses you.
You hit something. Something hits you. The orc closely misses you.
You hear some strange, mumbled words.
A magic dart appears from out of thin air!
The magic dart hits you.
You hit the orc but do no damage. You bite the orc, but do no damage.
The orc is moderately wounded.
The orc closely misses you. Something hits you.
* * * LOW HITPOINT WARNING * * *
It was a potion of mutation.
You feel extremely strange.
Your body twists and deforms.
You lose the ability to read scrolls when threatened.
You feel strong-willed. The orc completely misses you.
You hear some strange, mumbled words.
A magic dart appears from out of thin air!
The magic dart hits you!
You feel threatened and lose the ability to read scrolls!
* * * LOW HITPOINT WARNING * * *
You hit something.
Reactivating autopickup.
You feel a bit more experienced. The orc barely misses you. x2
You hit the orc.
The orc is almost dead.
The orc closely misses you.
You hit the orc but do no damage.
The orc is almost dead.
The orc hits you with a +0 club.
You die...

..#.# #...#...#.#<...
....... ..##...##..#
#.### .......
#.##.......# #.# .......
...........# #.# ..(....
#....#.....# #.# .......
#..........###.# .......
#..............#
......)##.........######
.......)o@........#
####+####)........#
#.........# #.........#
#...>.....# #.........#
#.........# #.........#
######+####


You could see an orc.

Vanquished Creatures
  Terence (D:2)
  Jessica (D:2)
  An iguana (D:4)
  2 orc wizards (D:4)
  3 gnolls (D:2)
  3 adders
  A worm (D:3)
  4 orcs
  9 bats
  3 endoplasms
  3 giant cockroaches
  7 goblins
  4 hobgoblins
  3 jackals (D:1)
  2 quokkas
  4 ball pythons
  4 frilled lizards
  10 kobolds
  3 rats
68 creatures vanquished.

Notes
Turn   | Place    | Note
-------+----------+-------------------------------------------
     0 | D:1      | Rickety the Gnoll Venom Mage began the quest for the Orb.
     0 | D:1      | Reached XP level 1. HP: 13/13 MP: 6/6
   217 | D:1      | Reached XP level 2. HP: 19/19 MP: 4/7
   220 | D:1      | Learned a level 2 spell: Poisonous Vapours
  1060 | D:1      | Reached XP level 3. HP: 25/25 MP: 7/9
  1064 | D:1      | Learned a level 3 spell: Mephitic Cloud
  1154 | D:2      | Reached skill level 5 in Spellcasting
  1244 | D:2      | Reached skill level 1 in Invocations
  1433 | D:2      | Reached skill level 1 in Fighting
  1433 | D:2      | Reached skill level 1 in Short Blades
  1433 | D:2      | Reached skill level 1 in Long Blades
  1433 | D:2      | Reached skill level 1 in Axes
  1433 | D:2      | Reached skill level 1 in Maces & Flails
  1433 | D:2      | Reached skill level 1 in Polearms
  1433 | D:2      | Reached skill level 1 in Staves
  1433 | D:2      | Reached skill level 1 in Slings
  1433 | D:2      | Reached skill level 1 in Bows
  1433 | D:2      | Reached skill level 1 in Crossbows
  1433 | D:2      | Reached skill level 1 in Throwing
  1433 | D:2      | Reached skill level 1 in Armour
  1433 | D:2      | Reached skill level 1 in Shields
  1433 | D:2      | Reached skill level 1 in Unarmed Combat
  1433 | D:2      | Reached skill level 1 in Evocations
  1528 | D:2      | Noticed Terence
  1549 | D:2      | Killed Terence
  1550 | D:2      | Reached XP level 4. HP: 32/32 MP: 1/11
  1870 | D:2      | Noticed Jessica
  1880 | D:2      | Killed Jessica
  1881 | D:2      | Reached skill level 1 in Conjurations
  1881 | D:2      | Reached skill level 1 in Hexes
  1881 | D:2      | Reached skill level 1 in Summonings
  1881 | D:2      | Reached skill level 1 in Necromancy
  1881 | D:2      | Reached skill level 1 in Translocations
  1881 | D:2      | Reached skill level 1 in Fire Magic
  1881 | D:2      | Reached skill level 1 in Ice Magic
  1881 | D:2      | Reached skill level 1 in Air Magic
  1881 | D:2      | Reached skill level 1 in Earth Magic
  2078 | D:2      | Reached XP level 5. HP: 35/37 MP: 8/12
  2616 | D:3      | Found a blossoming altar of Fedhas.
  2664 | D:3      | Found a stormy altar of Qazlal.
  3608 | D:4      | Reached XP level 6. HP: 24/44 MP: 1/13
  3612 | D:4      | Gained mutation: Armour fits poorly on your strangely
                  | shaped body. [potion of mutation]
  3612 | D:4      | Gained mutation: You sometimes lose the ability to read
                  | scrolls when taking damage. [potion of mutation]
  3612 | D:4      | Gained mutation: You are strong-willed. (Will+) [potion of
                  | mutation]
  3615 | D:4      | Slain by an orc

Illustrated notes

Levels and vault maps discovered:
D:1:      psy_arrival_terrarium, layout_basic
D:2:      layout_loops_ring, uniq_jessica, uniq_terence
D:3:      layout_rooms, grunt_temple_overflow_forces_of_nature
D:4:      layout_basic

Skill      XL: |  1  2  3  4  5 |
---------------+----------------+-----
Transmutations | 2 |  2.5
Spellcasting   | 5 |  5.3
Invocations    | 1 2 |  2.0
Fighting       | 1 |  1.8
Short Blades   | 1 |  1.8
Long Blades    | 1 |  1.8
Axes           | 1 |  1.8
Maces & Flails | 1 |  1.8
Polearms       | 1 |  1.8
Staves         | 1 |  1.8
Slings         | 1 |  1.8
Bows           | 1 |  1.8
Crossbows      | 1 |  1.8
Throwing       | 1 |  1.8
Armour         | 1 |  1.8
Shields        | 1 |  1.8
Unarmed Combat | 1 |  1.8
Evocations     | 1 |  1.8
Conjurations   | 1 |  1.4
Hexes          | 1 |  1.4
Summonings     | 1 |  1.4
Necromancy     | 1 |  1.4
Translocations | 1 |  1.4
Fire Magic     | 1 |  1.4
Ice Magic      | 1 |  1.4
Air Magic      | 1 |  1.4
Earth Magic    | 1 |  1.4
Dodging        | |  4.9
Stealth        | |  4.5
Poison Magic   | |  5.6

Action                   |  1- 3 |  4- 6 || total
-------------------------+-------+-------++-------
Melee: Unarmed           |     5 |       ||     5
       Dagger            |    32 |    28 ||    60
       Bite              |     1 |     2 ||     3
       Mace              |       |    11 ||    11
 Cast: Sting             |    19 |    20 ||    39
       Poisonous Vapours |    27 |    47 ||    74
       Mephitic Cloud    |       |     3 ||     3
  Use: Potion            |       |     1 ||     1
 Stab: Sleeping          |     4 |     1 ||     5
       Confused          |       |     1 ||     1
Armor: Robe              |     9 |    15 ||    24
Dodge: Dodged            |    33 |    54 ||    87
